 Dungeon Crawl Stone Soup version 0.21.1-1-g345015f (webtiles) character file.

2974 wilfster70 the Ruffian (level 9, 0/84 HPs)
             Began as a Troll Wizard on Mar 1, 2018.
             Was a Priest of Vehumet.
             Shot with a bolt by an orc (7 damage)
             ... in a bailey.
             The game lasted 00:41:09 (8262 turns).

wilfster70 the Ruffian (Troll Wizard)               Turns: 8262, Time: 00:41:10

Health: 0/84       AC: 14    Str: 17    XL:     9   Next: 53%
Magic:  14/14      EV: 10    Int: 17    God:    Vehumet [***...]
Gold:   358        SH:  0    Dex:  8    Spells: 12/16 levels left

rFire    . . .     SeeInvis .     - Unarmed
rCold    + + .     Gourm    +   (no shield)
rNeg     . . .     Faith    .   F - +0 ice dragon scales
rPois    .         Spirit   .   a - +2 hat
rElec    .         Reflect  .   (no cloak)
rCorr    .         Harm     .   (gloves unavailable)
MR       .....                  (boots unavailable)
Stlth    ..........             A - amulet of regeneration
HPRegen  1.04/turn              q - +3 ring of evasion
MPRegen  0.14/turn              k - ring of protection from fire

@: no status effects
A: large, unfitting armour, claws 3, fast metabolism 3, gourmand, regeneration
1, shaggy fur 1, tough skin 2
a: Renounce Religion


You were in a bailey.
You worshipped Vehumet.
Vehumet was most pleased with you.
You were full.

You visited 2 branches of the dungeon, and saw 9 of its levels.
You also visited: Sewer, Ossuary and Bailey.

You collected 358 gold pieces.

Inventory:

Hand Weapons
 b - the +10 spear of Peace {pierce, rF+ MR+}
   (You found it on level 7 of the Dungeon)

   It inflicts extra damage upon your enemies.
   It protects you from fire.
   It affects your resistance to hostile enchantments.
Missiles
 h - 221 stones
 D - 7 exploding tomahawks (quivered)
Armour
 a - a +2 hat (worn)
 E - a +0 robe
 F - +0 ice dragon scales (worn)
Jewellery
 g - a +3 ring of strength
 k - a ring of protection from fire (right claw)
 q - a +3 ring of evasion (left claw)
 A - an amulet of regeneration (around neck)
Wands
 o - a wand of polymorph (27)
 G - a wand of enslavement (20)
Scrolls
 f - 9 scrolls of remove curse
 i - a scroll of teleportation
 r - 2 scrolls of magic mapping
 s - 3 scrolls of fear
 t - a scroll of fog
 y - a scroll of blinking
Potions
 e - a potion of cancellation {unknown}
 j - a potion of brilliance {unknown}
 l - 6 potions of curing
 m - 4 potions of degeneration {unknown}
 n - a potion of invisibility {unknown}
 p - a potion of heal wounds {unknown}
 u - 4 potions of lignification
 v - 2 potions of magic {unknown}
 w - 4 potions of agility {unknown}
 x - 4 potions of flight {unknown}
 z - 5 potions of haste {unknown}
 B - a potion of might
 C - a potion of berserk rage {unknown}
Books
 c - a book of Minor Magic

   Spells                             Type                      Level
   a - Magic Dart                     Conjuration                  1
   b - Blink                          Translocation                2
   c - Call Imp                       Summoning                    2
   d - Slow                           Hexes                        2
   e - Conjure Flame                  Conjuration/Fire             3
   f - Mephitic Cloud                 Conjuration/Poison/Air       3
Comestibles
 d - 16 rations


   Skills:
 + Level 4.0 Fighting
 - Level 1.5 Dodging
 - Level 1.0 Stealth
 - Level 6.0 Unarmed Combat
 - Level 4.0 Spellcasting
 + Level 5.2 Conjurations
   Level 0.6 Summonings
   Level 0.6 Translocations
 + Level 4.2 Fire Magic


You had 12 spell levels left.
You knew the following spells:

 Your Spells              Type           Power        Failure   Level  Hunger
a - Magic Dart            Conj           ###.         2%          1    None
b - Conjure Flame         Conj/Fire      ###.....     9%          3    ###....


Dungeon Overview and Level Annotations

Branches:
Dungeon (8/15)             Temple (1/1) D:4
   Lair: D:8-11

Altars:
Ashenzari
Cheibriados
Dithmenos
Elyvilon
Fedhas
Gozag
Hepliaklqana
Kikubaaqudgha
Nemelex Xobeh
Okawaru
Qazlal
Ru
Sif Muna
Trog
Uskayaw
Vehumet
Wu Jian
Xom
Yredelemnul
Zin
The Shining One

Shops:
D:4 :   D:7 *


Innate Abilities, Weirdness & Mutations

You are too large for most types of armour.
You have claws for hands.
Your metabolism is lightning-fast.
You like to eat raw meat.
Your natural rate of healing is unusually fast.
You are covered in fur. (AC +1)
You have very tough skin. (AC +2)


Message History

The orc shoots a bolt.
The bolt hits you but does no damage. The orc hits you but does no damage.
The orc unwields an uncursed arbalest.
The orc closely misses you.
The orc warrior unwields an uncursed arbalest.
The orc warrior misses you.
You barely miss the orc. The orc completely misses you.
The orc shoots a bolt.
The bolt closely misses you. The orc hits you but does no damage.
You claw the orc!
You kill the orc!
Vehumet accepts your kill. The orc warrior closely misses you.
The orc hits you but does no damage.
The orc shoots a bolt.
The bolt hits you!
* * * LOW HITPOINT WARNING * * *
The orc warrior wields an uncursed arbalest.
The orc warrior shoots a bolt.
The bolt hits you!!
* * * LOW HITPOINT WARNING * * *
Items here: ( ) [ † an uncursed arbalest; 10 bolts; a ring mail; an orc corpse The orc shoots a bolt.
The bolt hits you!
You die...

###########################
..........((.((.((........∩
..........@................
........o).................
.......((........o.......(.
........o..................
...........................
≈≈≈≈≈≈≈≈≈≈≈≈≈≈≈≈≈≈≈≈≈...(..
≈≈≈≈≈≈≈≈≈≈≈≈≈≈≈≈#.#≈≈...(..
≈≈≈≈≈≈≈≈≈≈≈≈≈≈≈##.##≈......
≈≈≈≈≈≈≈≈≈≈≈≈≈≈≈o ^.o≈......


You could see an orc warrior and 2 orcs.

Vanquished Creatures
  A water moccasin (D:7)
  An ice beast (D:5)
  A black bear (D:7)
  An orc warrior (D:6)
  A phantom (D:7)
  A sky beast (D:6)
  A necrophage (D:6)
  5 ogres
  5 bullfrogs
  4 scorpions
  4 wights (D:6)
  A centaur zombie (Ossuary)
  3 crimson imps (D:6)
  4 hounds
  3 orc priests
  2 iguanas
  A jelly (D:7)
  4 orc wizards
  A centaur skeleton (D:4)
  7 worker ants
  A big kobold zombie (Ossuary)
  A hound skeleton (D:7)
  5 mummies (Ossuary)
  A howler monkey zombie (D:6)
  A worker ant zombie (D:8)
  A howler monkey skeleton (D:5)
  5 gnolls
  6 adders
  2 shadow imps
  2 oozes
  4 worms
  5 dart slugs
  6 leopard geckos
  37 orcs
  6 bats
  12 giant cockroaches
  11 goblins
  12 hobgoblins
  13 jackals
  9 kobolds
  3 quokkas
  9 ball pythons
  4 frilled lizards
  5 hobgoblin zombies (Ossuary)
  A leopard gecko skeleton (D:4)
  A quokka skeleton (D:7)
  12 rats
226 creatures vanquished.

Notes
Turn   | Place    | Note
-------+----------+-------------------------------------------
     0 | D:1      | wilfster70 the Troll Wizard began the quest for the Orb.
     0 | D:1      | Reached XP level 1. HP: 16/16 MP: 2/2
   197 | D:1      | Reached skill level 1 in Conjurations
   284 | D:1      | Reached XP level 2. HP: 24/24 MP: 4/4
   415 | D:1      | Reached skill level 1 in Unarmed Combat
   690 | D:2      | Reached XP level 3. HP: 23/31 MP: 5/5
   758 | D:2      | Found a sparkling altar of Nemelex Xobeh.
  1037 | D:2      | Found a shattered altar of Ashenzari.
  1255 | D:2      | Found a glowing golden altar of the Shining One.
  1609 | D:3      | Found a stormy altar of Qazlal.
  1738 | D:2      | Reached XP level 4. HP: 16/39 MP: 6/6
  1802 | D:3      | Reached skill level 2 in Unarmed Combat
  2173 | D:3      | Found an iron altar of Okawaru.
  2346 | D:3      | Reached XP level 5. HP: 29/45 MP: 5/7
  2418 | D:4      | Found a staircase to the Ecumenical Temple.
  2428 | Temple   | Entered the Ecumenical Temple
  2468 | Temple   | Became a worshipper of Vehumet
  2588 | D:4      | Reached skill level 3 in Unarmed Combat
  2660 | D:4      | Found Wegidol's Book Emporium.
  2669 | D:4      | Reached XP level 6. HP: 40/53 MP: 9/9
  2674 | D:4      | Learned a level 3 spell: Conjure Flame
  3363 | D:4      | Reached skill level 1 in Fire Magic
  3572 | D:4      | Noticed Ijyb
  3752 | D:3      | Reached XP level 7. HP: 44/59 MP: 6/11
  3809 | D:5      | Entered Level 5 of the Dungeon
  3927 | D:4      | Noticed Ijyb
  3927 | D:4      | Ijyb changed into Ijyb the hound
  3932 | D:4      | Killed Ijyb the hound
  3989 | D:5      | Reached * piety under Vehumet
  3989 | D:5      | Offered knowledge of Shock by Vehumet.
  4546 | D:5      | Found a sand-covered staircase.
  4556 | Ossuary  | Entered an ossuary
  4906 | D:5      | Reached XP level 8. HP: 61/67 MP: 12/12
  5011 | D:5      | Found a bloodstained altar of Trog.
  5281 | D:6      | Found a glowing drain.
  5317 | Sewer    | Entered a sewer
  5345 | Sewer    | Reached ** piety under Vehumet
  5351 | Sewer    | Offered knowledge of Freeze by Vehumet.
  6151 | D:6      | Found a glowing silver altar of Zin.
  6203 | D:6      | Reached skill level 5 in Conjurations
  6296 | D:6      | Reached skill level 1 in Fighting
  6325 | D:6      | Reached skill level 4 in Unarmed Combat
  6397 | D:6      | Found a hide-covered altar of Uskayaw.
  6532 | D:6      | Reached XP level 9. HP: 71/79 MP: 14/14
  6594 | D:6      | Offered knowledge of Inner Flame by Vehumet.
  6836 | D:6      | Found a deep blue altar of Sif Muna.
  7047 | D:6      | Reached *** piety under Vehumet
  7089 | D:6      | Reached skill level 5 in Unarmed Combat
  7197 | D:7      | Found an ornate altar of the Wu Jian Council.
  7296 | D:7      | Found a shadowy altar of Dithmenos.
  7377 | D:7      | Got a crude spear
  7378 | D:7      | Identified the +10 spear of Peace {pierce, rF+ MR+} (You found it on level 7 of the Dungeon)
  7564 | D:7      | Offered knowledge of Throw Icicle by Vehumet.
  7682 | D:7      | Reached skill level 6 in Unarmed Combat
  7904 | D:7      | Found Tiubof's Serpentskin Sales.
  8103 | D:8      | Found an opulent altar of Gozag.
  8149 | D:8      | Found a flagged portal.
  8158 | Bailey   | Entered a bailey
  8262 | Bailey   | Shot with a bolt by an orc

Skill      XL: |  1  2  3  4  5  6  7  8  9 |
---------------+----------------------------+-----
Conjurations   | 1 2 3 4 5 |  5.2
Unarmed Combat | 1 2 3 4 6 |  6.0
Spellcasting   | 3 4 |  4.0
Fire Magic     | 1 2 4 |  4.2
Fighting       | 2 4 |  4.0
Dodging        | |  1.5
Stealth        | |  1.0
Summonings     | |  0.6
Translocations | |  0.6

Action                   |  1- 3 |  4- 6 |  7- 9 || total
-------------------------+-------+-------+-------++-------
Melee: Unarmed           |   162 |   226 |   515 ||   903
       Punch             |     1 |     2 |     3 ||     6
Throw: Stone             |     4 |    13 |    16 ||    33
 Cast: Magic Dart        |       |    15 |    74 ||    89
       Conjure Flame     |       |     1 |     4 ||     5
Evoke: Wand              |       |       |     1 ||     1
  Use: Scroll            |       |    11 |     4 ||    15
 Stab: Sleeping          |       |       |     1 ||     1
  Eat: Chunk             |    21 |    18 |    40 ||    79
Armor: Robe              |    77 |    75 |   147 ||   299
       Ice dragon scales |       |       |    40 ||    40
Dodge: Dodged            |    89 |   108 |   332 ||   529
